 Dungeon Crawl Stone Soup version 0.19.0 (webtiles) character file.

193 Gorglomux the Chopper (level 5, -1/50 HPs)
             Began as a Deep Dwarf Fighter on Nov 1, 2016.
             Slain by a gnoll
             ... wielding a +0 spear of venom
              (3 damage)
             ... on level 4 of the Dungeon.
             The game lasted 00:08:53 (1859 turns).

Gorglomux the Chopper (Deep Dwarf Fighter)          Turns: 1859, Time: 00:08:54

Health: -1/50      AC:  6    Str: 20    XL:     5   Next: 43%
Magic:  6/6        EV:  7    Int:  9    God:
Gold:   136        SH:  9    Dex: 12    Spells: 0 memorised, 4 levels left

rFire  . . .     SeeInvis +     a - +0 war axe
rCold  . . .     Gourm    .     b - +0 scale mail
rNeg   . . .     Faith    .     c - +0 shield
rPois  .         Spirit   .     (no helmet)
rElec  .         Reflect  .     (no cloak)
rCorr  .         Harm     .     (no gloves)
MR     .....                    (no boots)
Stlth  ..........               (no amulet)
                                (no ring)
                                p - ring of see invisible

@: lethally poisoned (-1 -> -4), non-regenerating
A: damage resistance, recharge devices, sense surroundings 1, slow regeneration
3
a: Device Recharging


You were on level 4 of the Dungeon.
You were hungry.

You visited 1 branch of the dungeon, and saw 4 of its levels.

You collected 136 gold pieces.

Inventory:

Hand Weapons
 a - a +0 war axe (weapon)
Armour
 b - a +0 scale mail (worn)
 c - a +0 shield (worn)
Jewellery
 o - an uncursed amulet of guardian spirit
 p - a ring of see invisible (left hand)
 w - a +5 ring of intelligence {unknown}
Wands
 e - a wand of heal wounds (1/9)
Scrolls
 h - 6 scrolls of identify {unknown}
 i - a scroll of teleportation {unknown}
 j - a scroll of random uselessness {unknown}
 l - a scroll of enchant armour {unknown}
 n - a scroll of immolation {unknown}
 q - a scroll of amnesia {unknown}
 r - a scroll of magic mapping {unknown}
 s - a scroll of fog {unknown}
 t - a scroll of fear {unknown}
Potions
 d - a potion of might
 k - 2 potions of agility {unknown}
 m - a potion of cure mutation {unknown}
 u - a potion of heal wounds {unknown}
Comestibles
 f - 3 bread rations
 g - 2 chunks of flesh
 v - a slice of pizza


   Skills:
 + Level 3.7 Fighting
 * Level 4.9 Axes
 - Level 3.2 Armour
 - Level 3.2 Shields
 + Level 2.4 Evocations


You had 4 spell levels left.
You didn't know any spells.

Dungeon Overview and Level Annotations

Branches:
Dungeon (4/15)
 Temple: D:4-7

Altars:
Gozag


Innate Abilities, Weirdness & Mutations

You are resistant to damage.
You can recharge devices by infusing magical energy.
You passively map a small area around you.
You do not regenerate.


Message History

The gnoll hits you with a halberd. You block the gnoll's attack.
You slash the gnoll!
You kill the gnoll!
You feel sick. The gnoll hits you but does no damage.
You are more poisoned.
You slash the gnoll!
You kill the gnoll!
* * * LOW HITPOINT WARNING * * *
You feel very sick. You block the gnoll's attack.
You feel sick. The gnoll hits you with a spear. You block the gnoll's attack.
Things that are here:
a flail; a halberd; a gnoll corpse You barely miss the gnoll.
You slash the gnoll!
* * * LOW HITPOINT WARNING * * *
You feel very sick. The gnoll hits you with a spear.
* * * LOW HITPOINT WARNING * * *
The gnoll hits you with a spear of venom.
You die...

, , ,..# *** ..# *
, * ### ..##* * #.#
#.. , ... , , , ,
#.# #.#* * ..# *
#.# #.# *..#
#.###.#####g.####.
#.#...?...@g......
#.#.#.###########.*
* #.#.#.# #...#.# *
##..#.# * * * *,
#..#.. , , ###>.###
* * * #....# *
#.#.########.. , ,


You could see 2 gnolls.

Vanquished Creatures
  An orc priest (D:3)
  2 gnolls (D:4)
  6 adders
  2 worms
  4 dart slugs
  2 leopard geckos
  6 orcs (D:3)
  2 ball pythons
  10 bats
  5 giant cockroaches
  3 hobgoblins
  2 jackals (D:2)
  A quokka (D:2)
  6 frilled lizards
  9 goblins
  6 kobolds
  11 rats
78 creatures vanquished.

Notes
Turn   | Place    | Note
-------+----------+-------------------------------------------
     0 | D:1      | Gorglomux the Deep Dwarf Fighter began the quest for the Orb.
     0 | D:1      | Reached XP level 1. HP: 20/20 MP: 1/1
   120 | D:1      | Reached XP level 2. HP: 22/27 MP: 2/2
   260 | D:1      | Reached skill level 3 in Axes
   601 | D:2      | Reached XP level 3. HP: 17/34 MP: 3/3
   764 | D:2      | Reached skill level 4 in Axes
   764 | D:2      | Reached XP level 4. HP: 37/42 MP: 4/4
   801 | D:2      | Reached skill level 1 in Evocations
  1555 | D:3      | Reached XP level 5. HP: 31/50 MP: 6/6
  1614 | D:3      | Found an opulent altar of Gozag.
  1859 | D:4      | HP: 2/50 [gnoll/spear (4)]
  1859 | D:4      | Slain by a gnoll

Skill      XL: |  1  2  3  4 |
---------------+-------------+-----
Fighting       | 3 |  3.7
Axes           | 3 4 |  4.9
Evocations     | 2 |  2.4
Armour         | |  3.2
Shields        | |  3.2

Action                   |  1- 3 |  4- 6 || total
-------------------------+-------+-------++-------
Melee: War axe           |   103 |   110 ||   213
Evoke: Wand              |     1 |     3 ||     4
  Eat: Chunk             |       |     3 ||     3
Armor: Scale mail        |    52 |    52 ||   104
Dodge: Dodged            |    39 |    30 ||    69
Block: Shield            |    50 |    50 ||   100
